 Dungeon Sprint DCSS version 0.20-a0-40-gb6e7b4f (webtiles) character file.

2324 esc the Thaumaturge (level 9, 0/59 HPs)
             Began as a Deep Elf Fire Elementalist on Nov 12, 2016.
             Was a Believer of Vehumet.
             Killed by an exploding ballistomycete spore (24 damage)
             ... in the Dungeon (Sprint I: "Red Sonja").
             The game lasted 00:04:44 (1396 turns).

esc the Thaumaturge (Deep Elf Fire Elementalist)    Turns: 1396, Time: 00:04:45

Health: 0/59       AC:  4    Str:  5    XL:     9   Next: 19%
Magic:  27/27      EV: 20    Int: 24    God:    Vehumet [**....]
Gold:   443        SH:  0    Dex: 15    Spells: 4 memorised, 19 levels left

rFire  . . .     SeeInvis .     o - +2 dagger (distort) {!w}
rCold  . . .     Gourm    .     l - +2 robe of Amorality {Stlth+}
rNeg   . . .     Faith    .     (no shield)
rPois  .         Spirit   .     (no helmet)
rElec  .         Reflect  .     (no cloak)
rCorr  .         Harm     .     (no gloves)
MR     .....     NoTele   +     (no boots)
Stlth  ++........               (no amulet)
                                (no ring)
                                (no ring)

@: confused
A: no striking features
a: Renounce Religion


You were in the Dungeon.
You worshipped Vehumet.
Vehumet was pleased with you.
You were not hungry.

You visited 1 branch You collected 632 gold pieces.
You spent 189 gold pieces at shops.

Inventory:

Hand Weapons
 n - a +0 blowgun
   (You took it off Sonja in the Dungeon)
 o - a +2 dagger of distortion (weapon) {!w}
   (You took it off Sonja in the Dungeon)
Missiles
 a - 5 curare-tipped needles
Armour
 l - the +2 robe of Amorality (worn) {Stlth+}
   (You bought it in a shop in the Dungeon)

   It makes you more stealthy.
Scrolls
 c - 2 scrolls of remove curse {unknown}
 i - a scroll of blinking {!r}
Potions
 d - a potion of curing
 e - a potion of heal wounds
 f - a potion of haste
 g - 2 potions of magic
 j - a potion of brilliance {unknown}
 m - a potion of flight {unknown}
Books
 b - a book of Flames
 h - a Young Poisoner's Handbook
   (You found it in the Dungeon)


   Skills:
 + Level 7.9 Fighting
 + Level 11.4 Dodging
 - Level 2.4 Stealth
 + Level 12.3 Spellcasting
 + Level 10.4 Conjurations
 + Level 10.8 Fire Magic


You had 19 spell levels left.
You knew the following spells:

 Your Spells              Type           Power        Failure   Level  Hunger
a - Flame Tongue          Conj/Fire      #####        1%          1    None
f - Fireball              Conj/Fire      ######....   1%          5    ###....
s - Sticky Flame          Conj/Fire      ######..     1%          4    None
x - Mephitic Cloud        Conj/Pois/Air  ####....     2%          3    None


Dungeon Overview and Level Annotations

Branches:
Dungeon (1/1)

Altars:
Cheibriados
Dithmenos
Elyvilon
Fedhas
Gozag
Hepliaklqana
Kikubaaqudgha
Makhleb
Nemelex Xobeh
Okawaru
Qazlal
Ru
Sif Muna
Trog
Uskayaw
Vehumet
Xom
Yredelemnul
Zin
The Shining One
Jiyva
Lugonu

Shops:
D [*[


Message History

There is an open door here.
Things that are here:
the +7 glaive "Hydra's Curse" {drain, Int-4 Dex+7} a +0 scythe
There is an open door here.
Things that are here:
a +0 troll leather armour {regen}; 16 sling bullets
There is an open door here.
There is an open door here.
You open the door.
There is an open door here.
You now have 362 gold pieces (gained 27).
You now have 389 gold pieces (gained 27).
You now have 416 gold pieces (gained 27).
You now have 443 gold pieces (gained 27).
Okay, then.
You open the door.
A floating eye and a kobold demonologist come into view.
Aim: a floating eye (resting)
The fireball explodes!
The fireball engulfs the floating eye.
You hear a shout!
The fireball engulfs the kobold demonologist.
The kobold demonologist shouts!
The floating eye pulsates ominously.
The floating eye's stare focuses on you.
A kobold demonologist comes into view. It is wielding a dagger.
You now have 20/25 mp.
Aim: a floating eye (almost dead, fully charged)
The fireball explodes!
The fireball engulfs the floating eye.
You kill the floating eye!
Vehumet accepts your kill.
You feel your power returning.
The fireball engulfs the kobold demonologist.
You kill the kobold demonologist!
Vehumet accepts your kill. Vehumet offers you knowledge of Freeze.
Your Dodging skill increases to level 11!
Your Spellcasting skill increases to level 12!
Your Conjurations skill increases to level 10!
You have reached level 9!
Your experience leads to an increase in your attributes!
Increase (S)trength, (I)ntelligence, or (D)exterity?
You feel clever.
The fireball engulfs the kobold demonologist.
Health restored: 58 You now have 16/27 mp.
The kobold demonologist hits you but does no damage.
There is an open door here.
Aim: a kobold demonologist, wielding a dagger and wearing a robe (severely wounded)
The sticky flame hits the kobold demonologist.
The kobold demonologist is covered in liquid flames!
The kobold demonologist burns!
You kill the kobold demonologist!
Vehumet accepts your kill.
You feel your power returning.
Health restored: 59 You now have 14/27 mp.
Things that are here:
a dagger; a robe; a kobold corpse You butcher the kobold corpse.
Things that are here:
a dagger; a robe; 3 inedible chunks of flesh {@w0}
Things that are here:
a dagger; a robe; a kobold corpse You butcher the kobold corpse.
Things that are here:
a dagger; a robe; 2 inedible chunks of flesh {@w0}
Things that are here:
a dagger; a robe; 3 inedible chunks of flesh {@w0}
There is an open door here.
There is an open door here.
There is an open door here.
There is an open door here.
Things that are here:
a +0 troll leather armour {regen}; 16 sling bullets
There is an open door here.
Things that are here:
the +7 glaive "Hydra's Curse" {drain, Int-4 Dex+7} a +0 scythe You start resting.
MP restored: 27 You open the door. 2 ballistomycete spores come into view.
The ballistomycete spore waves its rhizomes.
The ballistomycete spore explodes!
The explosion of spores engulfs you!
You are confused.
Ouch! That really hurt!
The ballistomycete spore waves its rhizomes.
You take 35 damage, and have 24/59 hp.
MASSIVE DAMAGE!!
You're too confused to cast spells.
A ballistomycete grows in the wake of the ballistomycete spore.
There is an open door here.
You bump into the rock wall.
You feel less confused.
The ballistomycete spore explodes!
The explosion of spores engulfs you!
You are confused.
You die...

#..#####'#####'#__####...+
#..####..#...#.#### #####
#..#__####..##[#
#..#_____##'#..+
#⌠⌠#_.∩...'..._#
####_..__##_.#'##+###
#_____###'#.#..[.###
############)####'###.##
#∩^.......'...@.....'[∩#
###++++####...##########
##.## #P# !$!


$??=$ ####### There were no monsters in sight!

Vanquished Creatures
  Sonja (D)
  A deep troll (D)
  2 kobold demonologists (D)
  A slime creature (D)
  Sigmund (D)
  A yak (D)
  A floating eye (D)
  An ogre (D)
  A jelly (D)
  Ijyb (D)
11 creatures vanquished.

Vanquished Creatures (others)
  A gargoyle (D)
  A ballistomycete spore (D)
2 creatures vanquished.

Grand Total: 13 creatures vanquished

Notes
Turn   | Place    | Note
-------+----------+-------------------------------------------
     0 | D        | esc the Deep Elf Fire Elementalist began the quest for the Orb.
     0 | D        | Reached XP level 1. HP: 10/10 MP: 6/6
     1 | D        | Noticed Ijyb
    16 | D        | Killed Ijyb
    16 | D        | Reached skill level 1 in Fighting
    16 | D        | Reached skill level 3 in Dodging
    16 | D        | Reached skill level 4 in Spellcasting
    16 | D        | Reached skill level 3 in Conjurations
    16 | D        | Reached skill level 4 in Fire Magic
    16 | D        | Reached XP level 2. HP: 17/17 MP: 1/9
    96 | D        | Noticed an ogre
   104 | D        | Killed an ogre
   104 | D        | Reached skill level 3 in Fighting
   104 | D        | Reached skill level 5 in Dodging
   104 | D        | Reached skill level 6 in Spellcasting
   104 | D        | Reached skill level 4 in Conjurations
   104 | D        | Reached skill level 5 in Fire Magic
   104 | D        | Reached XP level 3. HP: 11/23 MP: 1/12
   104 | D        | Reached XP level 4. HP: 13/28 MP: 1/14
   119 | D        | Learned a level 4 spell: Sticky Flame
   148 | D        | Killed a gargoyle
   262 | D        | Noticed Sigmund
   267 | D        | Killed Sigmund
   267 | D        | Reached skill level 4 in Fighting
   267 | D        | Reached skill level 7 in Dodging
   267 | D        | Reached skill level 7 in Spellcasting
   267 | D        | Reached skill level 6 in Conjurations
   267 | D        | Reached skill level 6 in Fire Magic
   267 | D        | Reached XP level 5. HP: 34/34 MP: 7/17
   339 | D        | Found a deep blue altar of Sif Muna.
   341 | D        | Found a radiant altar of Vehumet.
   346 | D        | Reached skill level 8 in Spellcasting
   346 | D        | Reached skill level 7 in Fire Magic
   346 | D        | Reached XP level 6. HP: 14/39 MP: 6/19
   356 | D        | Got a brightly glowing glaive
   358 | D        | Identified the +7 glaive "Hydra's Curse" {drain, Int-4 Dex+7} (You found it in the Dungeon)
   542 | D        | Became a worshipper of Vehumet
   558 | D        | Found Docsywe's Assorted Antiques.
   558 | D        | Found an ancient bone altar of Kikubaaqudgha.
   558 | D        | Found a hazy altar of Hepliaklqana.
   558 | D        | Found a stormy altar of Qazlal.
   558 | D        | Found a hide-covered altar of Uskayaw.
   558 | D        | Found a blossoming altar of Fedhas.
   558 | D        | Found a bloodstained altar of Trog.
   558 | D        | Found an iron altar of Okawaru.
   558 | D        | Found a basalt altar of Yredelemnul.
   558 | D        | Found a glowing golden altar of the Shining One.
   558 | D        | Found a snail-covered altar of Cheibriados.
   558 | D        | Found a sacrificial altar of Ru.
   558 | D        | Found a glowing silver altar of Zin.
   558 | D        | Found a shadowy altar of Dithmenos.
   558 | D        | Found a white marble altar of Elyvilon.
   558 | D        | Noticed a yak
   565 | D        | Killed a yak
   565 | D        | Reached skill level 5 in Fighting
   565 | D        | Reached skill level 8 in Dodging
   565 | D        | Reached skill level 7 in Conjurations
   571 | D        | Found an opulent altar of Gozag.
   572 | D        | Found a sparkling altar of Nemelex Xobeh.
   576 | D        | Bought an ancient robe for 142 gold pieces
   576 | D        | Bought a silvery potion for 22 gold pieces
   576 | D        | Bought a scroll labeled RILOCL UJ MILA for 25 gold pieces
   586 | D        | Identified the +2 robe of Amorality {Stlth+} (You bought it in a shop in the Dungeon)
   663 | D        | Learned a level 5 spell: Fireball
   664 | D        | Found a burning altar of Makhleb.
   664 | D        | Found a viscous altar of Jiyva.
   664 | D        | Found a shimmering altar of Xom.
   664 | D        | Found a corrupted altar of Lugonu.
   664 | D        | Noticed a slime creature
   676 | D        | Killed a slime creature
   676 | D        | Reached skill level 9 in Spellcasting
   676 | D        | Reached skill level 8 in Fire Magic
   676 | D        | Reached XP level 7. HP: 42/45 MP: 8/22
   755 | D        | Noticed Sonja
   759 | D        | Killed Sonja
   759 | D        | Reached * piety under Vehumet
   759 | D        | Offered knowledge of Shock by Vehumet.
   759 | D        | Reached skill level 6 in Fighting
   759 | D        | Reached skill level 10 in Dodging
   759 | D        | Reached skill level 10 in Spellcasting
   759 | D        | Reached skill level 9 in Conjurations
   759 | D        | Reached skill level 9 in Fire Magic
   759 | D        | Reached XP level 8. HP: 34/52 MP: 2/24
  1008 | D        | Found Mozet's Antique Armour Boutique.
  1028 | D        | Noticed a deep troll
  1038 | D        | HP: 11/52 [deep troll (21)]
  1040 | D        | Killed a deep troll
  1040 | D        | Reached skill level 7 in Fighting
  1040 | D        | Reached skill level 11 in Spellcasting
  1040 | D        | Reached skill level 10 in Fire Magic
  1063 | D        | Found Qoosis's Armour Emporium.
  1071 | D        | Learned a level 3 spell: Mephitic Cloud
  1324 | D        | Noticed a kobold demonologist
  1326 | D        | Noticed a kobold demonologist
  1326 | D        | Killed a kobold demonologist
  1326 | D        | Reached ** piety under Vehumet
  1326 | D        | Offered knowledge of Freeze by Vehumet.
  1326 | D        | Reached skill level 11 in Dodging
  1326 | D        | Reached skill level 12 in Spellcasting
  1326 | D        | Reached skill level 10 in Conjurations
  1326 | D        | Reached XP level 9. HP: 58/58 MP: 16/27
  1328 | D        | Killed a kobold demonologist
  1396 | D        | Killed by an exploding ballistomycete spore

Vault maps used:
D:        dungeon_sprint_1

Skill      XL: |  1  2  3  4  5  6  7  8 |
---------------+-------------------------+-----
Fighting       | 1 3 4 5 6 7 |  7.9
Dodging        | 3 5 7 8 10 11 | 11.4
Spellcasting   | 4 6 7 8 9 10 12 | 12.3
Conjurations   | 3 4 6 7 9 10 | 10.4
Fire Magic     | 4 5 6 7 8 9 10 | 10.8
Stealth        | |  2.4

Action                   |  1- 3 |  4- 6 |  7- 9 || total
-------------------------+-------+-------+-------++-------
Melee: Unarmed           |     8 |       |       ||     8
 Cast: Flame Tongue      |    12 |     8 |       ||    20
       Sticky Flame      |       |     5 |     3 ||     8
       Fireball          |       |     1 |     8 ||     9
  Use: Potion            |     1 |       |       ||     1
       Scroll            |       |     1 |       ||     1
  Eat: Bread ration      |       |       |     1 ||     1
Armor: Robe              |       |       |     2 ||     2
Dodge: Dodged            |     8 |     4 |     6 ||    18

Vault maps used:
D:        dungeon_sprint_1

Table legend:
 A = Turns spent in this place as a percentage of turns spent in the entire game.
 B = Non-inter-level travel turns spent in this place as a percentage of non-inter-level travel turns spent in the entire game.
 C = Inter-level travel turns spent in this place as a percentage of turns spent in this place.
 D = Turns resting spent in this place as a percentage of non-inter-level travel turns spent in this place.
 E = Turns spent auto-exploring this place as a percentage of non-inter-level travel turns spent in this place.
 F = Non-inter-level travel turns spent in this place divided by the number of levels of this place that you've seen.
                   A       B       C       D       E      F
               +-------+-------+-------+-------+-------+----------------------
         Total | 100.0 | 100.0 |   0.0 |   7.3 |   0.0 | 354.0
       Dungeon | 100.0 | 100.0 |   0.0 |   7.3 |   0.0 | 354.0
               +-------+-------+-------+-------+-------+----------------------

Table legend:
 A = Kills in this place as a percentage of kills in entire the game.
 B = Kills by you in this place as a percentage of kills by you in the entire game.
 C = Kills by friends in this place as a percentage of kills by friends in the entire game.
 D = Other kills in this place as a percentage of other kills in the entire game.
 E = Experience gained in this place as a percentage of experience gained in the entire game.
 F = Experience gained in this place divided by the number of levels of this place that you have seen.
                   A       B       C       D       E      F
               +-------+-------+-------+-------+-------+----------------------
         Total | 100.0 | 100.0 |  -nan |  -nan | 100.0 | 3320.0
       Dungeon | 100.0 | 100.0 |  -nan |  -nan | 100.0 | 3320.0
               +-------+-------+-------+-------+-------+----------------------
